 Dungeon Crawl Stone Soup version 0.29-a0-802-g34511f41fd (webtiles) character file.

Game seed: 16300610933668479391

65 HoaS the Cudgeller (level 4, 0/48 HPs)
             Began as an Ogre Berserker on July 3, 2022.
             Was a Follower of Trog.
             Killed from afar by Natasha (7 damage)
             ... with a magic dart
             ... on level 2 of the Dungeon.
             The game lasted 00:03:04 (1365 turns).

HoaS the Cudgeller (Ogre Berserker)                 Turns: 1365, Time: 00:03:05

Health: 0/48       AC:  3    Str: 21    XL:     4   Next: 14%
Magic:  4/4        EV: 10    Int:  8    God:    Trog [*.....]
Gold:   24         SH:  0    Dex: 10    Spells: 3/3 levels left

rFire   . . .      SeeInvis .   a - +1 mace
rCold   . . .      Faith    .   (no shield)
rNeg    . . .      Spirit   .   b - +0 animal skin
rPois   .          Reflect  .   (helmet restricted)
rElec   .          Harm     .   (no cloak)
rCorr   .          Rampage  .   (gloves unavailable)
Will    .....                   (boots unavailable)
Stlth   +.........              (no amulet)
HPRegen 0.16/turn               (no ring)
MPRegen 0.09/turn               (no ring)

@: slowed, very slow
A: large, unfitting armour, tough skin 1
a: Renounce Religion, Berserk


You were on level 2 of the Dungeon.
You worshipped Trog.
Trog was aware of your devotion.
You visited 1 branch of the dungeon, and saw 2 of its levels.

You collected 24 gold pieces.

Inventory:

Hand Weapons
 a - a +1 mace (weapon)
Armour
 b - a +0 animal skin (worn)
Scrolls
 f - a scroll of enchant weapon
Potions
 c - a potion of resistance {unknown}
 d - 3 potions of might
 g - a potion of invisibility {unknown}
 i - a potion of lignification {unknown}
 j - a potion of curing {unknown}


   Skills:
 - Level 4.0 Fighting
 + Level 4.4 Maces & Flails
 - Level 2.6 Dodging


You had 3 spell levels left.
You didn't know any spells.
Your spell library was empty.

Dungeon Overview and Level Annotations

Branches:
Dungeon (2/15)

Altars:

Annotations:
D:2 Natasha


Innate Abilities, Weirdness & Mutations

You are too large for most types of armour.
You have tough skin. (AC +1)


Message History

Natasha is moderately wounded.
The shadow imp barely misses you. Natasha claws you!
You barely miss Natasha.
Natasha is moderately wounded.
The shadow imp hits you. Natasha claws you.
You closely miss Natasha.
Natasha is moderately wounded.
The shadow imp hits you. Natasha claws you. The shadow imp hits you.
You closely miss Natasha.
Natasha is moderately wounded.
Natasha stares at you and mumbles some strange words.
You feel yourself slow down. The shadow imp barely misses you.
You miss Natasha.
Natasha is moderately wounded.
Natasha wildly gestures.
You feel troubled. Natasha claws you but does no damage.
The shadow imp barely misses you. Natasha barely misses you.
The shadow imp barely misses you.
You barely miss Natasha.
Natasha is moderately wounded.
Natasha claws you but does no damage. The shadow imp hits you.
* * * LOW HITPOINT WARNING * * *
Natasha barely misses you.
You hit Natasha.
Natasha is severely wounded.
The shadow imp hits you but does no damage.
Natasha wildly gestures.
Natasha shimmers violently.
Natasha mumbles some strange words.
The shadow imp hits you but does no damage.
Natasha growls.
Natasha claws you.
* * * LOW HITPOINT WARNING * * *
You hit Natasha.
Natasha is almost dead.
The shadow imp hits you.
* * * LOW HITPOINT WARNING * * *
Natasha stares at you and mumbles some strange words.
The magic dart hits you!
You die...

* *,,,,,####..#.######.......####
******#..........# #.#...#.# ***
#.##..#.##.# #.#...#.# ,,*
#.*#..#.##.# #.#...#.# *,*
#.*#....##.# #.#...#.#
*,*######.##.......# #.......#
*,,...........#.##.# ##.....##
*,*###.##......5h5.####.#.#.#####
*,* *,*#.....##@..<.....#.......
,,* *,*####..##.#.##...#.#.####.
*** *,***##........#...#.#.# #.
*,,,.....##..#.#.......# #.
****###..##..#.#.....### ##
#..#...#.#.....#
#..#.#.#.#####.####
#........##.......#
#......####.......# #


You could see an iron imp (summoned), Natasha and a shadow imp (summoned).

Vanquished Creatures
  Natasha (D:2)
  An adder (D:2)
  2 dart slugs (D:1)
  4 endoplasms
  A giant cockroach (D:1)
  A goblin (D:1)
  3 hobgoblins (D:1)
  7 ball pythons
  2 frilled lizards
  2 kobolds (D:1)
  6 rats (D:1)
30 creatures vanquished.

Notes
Turn   | Place    | Note
-------+----------+-------------------------------------------
     0 | D:1      | HoaS the Ogre Berserker began the quest for the Orb.
     0 | D:1      | Reached XP level 1. HP: 24/24 MP: 1/1
   221 | D:1      | Reached XP level 2. HP: 32/32 MP: 2/2
   454 | D:1      | Reached XP level 3. HP: 35/39 MP: 3/3
  1115 | D:2      | Noticed Natasha
  1120 | D:2      | Killed Natasha
  1121 | D:2      | Reached XP level 4. HP: 27/48 MP: 4/4
  1349 | D:2      | Noticed Natasha
  1365 | D:2      | Killed from afar by Natasha

Illustrated notes

Levels and vault maps discovered:
D:1:      dpeg_arrival_ratfight, layout_rooms, serial_glass, glass_columns_c,
          glass_columns_c, glass_columns_a, glass_columns_a
D:2:      minmay_spotlight, layout_loops_cross, minivault_27, uniq_natasha

Skill      XL: |  1  2  3 |
---------------+----------+-----
Maces & Flails | 3 4 |  4.4
Fighting       | |  4.0
Dodging        | |  2.6

Action                   |  1- 3 |  4- 6 || total
-------------------------+-------+-------++-------
Melee: Mace              |    86 |    16 ||   102
       Punch             |     1 |       ||     1
  Use: Scroll            |     5 |     1 ||     6
 Stab: Sleeping          |     1 |       ||     1
Armor: Animal skin       |    15 |     9 ||    24
Dodge: Dodged            |    56 |     9 ||    65

Table legend: (Time is in decaauts)
 A = Elapsed time spent in this place.
 B = Non-inter-level travel time spent in this place.
 C = Inter-level travel time spent in this place.
 D = Time resting spent in this place.
 E = Time spent auto-exploring this place.
 F = Levels seen in this place.
 G = Mean time per level.
                   A        B        C        D        E       F      G
               +--------+--------+--------+--------+--------+-----+--------+
         Total |   1389 |   1340 |     49 |    524 |    542 |   2 |  694.5 |
       Dungeon |   1389 |   1340 |     49 |    524 |    542 |   2 |  694.5 |
               +--------+--------+--------+--------+--------+-----+--------+

Top non-repeatable levels by time:
     D:1: 734 daAuts
     D:2: 655 daAuts
